 Dungeon Crawl Stone Soup version 0.32-a0-898-g7811c86cf0 (webtiles) character file.

Game seed: 13283096561218257476

21 Revguard the Chopper (level 2, -2/36 HPs)
             Began as a Coglin Berserker on Apr 4, 2024.
             Was a Follower of Trog.
             Slain by a gnoll
             ... wielding a +0 spear
              (9 damage)
             ... on level 2 of the Dungeon.
             The game lasted 00:02:46 (868 turns).

Revguard the Chopper (Coglin Berserker)              Turns: 868, Time: 00:02:47

Health: -2/36      AC:  4    Str: 17    XL:     2   Next: 83%
Magic:  2/2        EV: 11    Int:  6    God:    Trog [*.....]
Gold:   9          SH:  0    Dex: 13    Spells: 1/1 levels left

rFire   . . .        a - +0 hand axe {Dejan}
rCold   . . .        g - +0 club {Gurmehar}
rNeg    . . .        j - +0 leather armour
rPois   .            (no helmet)
rElec   .            (no cloak)
rCorr   .            d - +0 pair of gloves
SInv    .            (no boots)
Will    .....        (amulet unavailable) Stlth
                     (ring unavailable)
HPRegen 0.26/turn    (ring unavailable)
MPRegen 0.08/turn    (no gizmo)

%: no passive effects
@: berserking, revving, very quick
A: off-hand wielding, slow wielding, warmup strikes, no jewellery
a: Invent Gizmo, Renounce Religion, Berserk


You were on level 2 of the Dungeon.
You worshipped Trog.
Trog was aware of your devotion.
You visited 1 branch of the dungeon, and saw 2 of its levels.

You collected 9 gold pieces.

Inventory:

Hand Weapons
 a - a +0 hand axe (weapon) {Dejan}
 c - a +0 dagger {Titus}
 g - a +0 club (offhand) {Gurmehar}
Armour
 b - a +0 animal skin
 d - a +0 pair of gloves (worn)
 j - a +0 leather armour (worn)
Scrolls
 f - a scroll of enchant weapon {unknown}


   Skills:
 * Level 3.2 Fighting
 * Level 3.2 Axes
 + Level 2.0 Armour
 + Level 2.0 Dodging
 + Level 0.8 Evocations


You had one spell level left.
You didn't know any spells.
Your spell library was empty.

Dungeon Overview and Level Annotations

Branches:
Dungeon (2/15)

Altars:


Innate Abilities, Weirdness & Mutations

You can wield a second weapon in your off-hand.
It takes a long time for you to wield or remove held weapons.
Your first few attacks do less damage.
You cannot equip rings or amulets.


Message History

The gnoll hits you but does no damage. The gnoll hits you but does no damage.
The howler monkey hoots and howls with incredible vigour!
The gnoll hits you but does no damage. The gnoll hits you but does no damage.
The gnoll hits you but does no damage.
Your transformation is almost over.
The gnoll barely misses you. The gnoll hits you but does no damage.
The gnoll hits you from afar with a +0 spear.
The gnoll hits you but does no damage. The gnoll hits you but does no damage.
A jackal comes into view.
The gnoll hits you from afar with a +0 spear!
The jackal moves out of view.
The howler monkey hoots and howls with incredible vigour!
The gnoll hits you but does no damage.
You hear a bark! x2
The gnoll hits you but does no damage.
You feel less wooden.
Your +0 pair of gloves unmelds from your body.
Your +0 leather armour unmelds from your body.
The gnoll hits you from afar with a +0 spear!
* * * LOW HITPOINT WARNING * * *
A jackal comes into view.
The howler monkey hoots and howls with incredible vigour!
The gnoll closely misses you.
You hear a bark!
The gnoll closely misses you.
A red film seems to cover your vision as you go berserk!
You feel yourself moving faster!
You feel mighty! The gnoll barely misses you.
You feel a strong urge to attack something.
The gnoll closely misses you.
A jackal comes into view.
You see here a quokka corpse.
You slash the gnoll with your +0 hand axe!
You kill the gnoll!
Trog accepts your kill.
The gnoll hits you from afar with a +0 spear!
You die...

#...........
+
#...........
.#
#...h.......
.#
#...........
.#
#...g.......
.#
#..Khg.[....
.#
####g#######
.####### #)#
.......# #@#
.#####.# #.#
.#..<#.# #.#
.#.###.# #.#
.#.#
#.#########.#
.#.#
#...........#
.#.#
#############
.#.# ...#


You could see a howler monkey, 3 gnolls, a jackal and a kobold.

Vanquished Creatures
  A gnoll (D:2)
  2 ball pythons (D:1)
  2 endoplasms (D:1)
  4 giant cockroaches (D:1)
  A hobgoblin (D:1)
  4 kobolds (D:1)
  2 quokkas
  3 rats
19 creatures vanquished.

Notes
Turn   | Place    | Note
-------+----------+-------------------------------------------
     0 | D:1      | Revguard the Coglin Berserker began the quest for the Orb.
     0 | D:1      | Reached XP level 1. HP: 18/18 MP: 1/1
   202 | D:1      | Reached XP level 2. HP: 5/24 MP: 2/2
   802 | D:2      | Noticed a howler monkey
   868 | D:2      | Slain by a gnoll

Illustrated notes

Levels and vault maps discovered:
D:1:      minmay_arrival_three_doors, layout_basic
D:2:      layout_basic, hellmonk_ecumenical_altar_dog_temple, basic_altar,
          uniq_jessica

Skill      XL: |  1  2 |
---------------+-------+-----
Dodging        | 2 |  2.0
Armour         | 2 |  2.0
Fighting       | |  3.2
Axes           | |  3.2
Evocations     | |  0.8

Action                     || total
---------------------------++-------
  Melee: Hand axe          ||    42
         Club              ||    30
         Dagger            ||     7
 Invoke: Berserk           ||     2
    Use: Potion            ||     3
 Armour: Animal skin       ||    18
         Skin              ||    47
         Leather armour    ||    22
  Dodge: Dodged            ||    45

Table legend: (Time is in decaauts)
 A = Elapsed time spent in this place.
 B = Non-inter-level travel time spent in this place.
 C = Inter-level travel time spent in this place.
 D = Time resting spent in this place.
 E = Time spent auto-exploring this place.
 F = Levels seen in this place.
 G = Mean time per level.
                   A        B        C        D        E       F      G
               +--------+--------+--------+--------+--------+-----+--------+
         Total |    887 |    866 |     21 |      0 |    597 |   2 |  443.5 |
       Dungeon |    887 |    866 |     21 |      0 |    597 |   2 |  443.5 |
               +--------+--------+--------+--------+--------+-----+--------+

Top non-repeatable levels by time:
     D:1: 772 daAuts
     D:2: 115 daAuts
